 Dungeon Crawl Stone Soup version 0.22-a0-441-gcf5b0c6 (webtiles) character file.

10815 suicidejoker the Fighter (level 11, -13/76 HPs)
             Began as a Gargoyle Fighter on May 29, 2018.
             Was an Initiate of Gozag.
             Mangled by an earth elemental (17 damage)
             ... in a labyrinth on May 30, 2018.
             The game lasted 00:33:14 (13199 turns).

suicidejoker the Fighter (Gargoyle Fighter)        Turns: 13199, Time: 00:33:14

Health: -13/76     AC: 24    Str: 20    XL:     11   Next: 68%
Magic:  12/12      EV:  5    Int: 14    God:    Gozag
Gold:   139        SH: 12    Dex: 16    Spells: 10/10 levels left

rFire    . . .     SeeInvis .   k - -2 flail (curse)
rCold    . . .     Gourm    .   c - +0 shield
rNeg     + . .     Faith    .   q - +0 plate armour
rPois    ∞         Spirit   .   m - +1 helmet
rElec    +         Reflect  .   (no cloak)
rCorr    .         Harm     .   (no gloves)
MR       .....     Rnd*Tele +   (no boots)
Stlth    ..........             (no amulet)
HPRegen  0.22/turn              w - +4 ring of dexterity
MPRegen  0.13/turn              I - ring "Jakeng" {*Tele Int+5}

@: no status effects
A: negative energy resistance 1, electricity resistance, unbreathing,
petrification resistance, rot immunity, AC +8
a: Potion Petition, Call Merchant, Bribe Branch, Renounce Religion


You were in a labyrinth.
You worshipped Gozag.
Gozag was aware of your devotion.
You were not hungry.

You visited 2 branches of the dungeon, and saw 12 of its levels.
You also visited: Labyrinth.

You collected 946 gold pieces.
You paid 807 gold pieces to Gozag.

Inventory:

Hand Weapons
 b - a +4 whip
 j - a +1 short sword of speed
 k - a cursed -2 flail (weapon)
 v - a +1 scimitar of flaming
 B - a +3 spear
Missiles
 e - 89 arrows
 n - 49 bolts
 o - 405 stones (quivered)
 r - 31 sling bullets
 u - 14 poisoned needles
 F - 7 needles of paralysis
Armour
 c - a +0 shield (worn)
 m - a +1 helmet (worn)
 q - a +0 plate armour (worn)
Jewellery
 a - a +3 ring of intelligence
 d - a +2 ring of intelligence
 w - a +4 ring of dexterity (left hand)
 y - an uncursed ring of ice
 C - an uncursed ring of magical power
 G - an uncursed ring of resist corrosion
 I - the ring "Jakeng" (right hand) {*Tele Int+5}
   (You took it off an orc on level 7 of the Dungeon)

   [ring of teleportation]

   It may teleport you next to monsters.
   It affects your intelligence (+5).
Scrolls
 h - 4 scrolls of immolation
 i - 4 scrolls of teleportation
 l - a scroll of enchant weapon
 p - a scroll of magic mapping
 s - 4 scrolls of identify
 t - 2 scrolls of amnesia
Comestibles
 f - 9 rations


   Skills:
 * Level 12.5 Fighting
 + Level 7.6 Long Blades
 + Level 5.0 Polearms
 + Level 9.4 Armour
 + Level 9.4 Shields
   Level 2.1 Evocations


You had 10 spell levels left.
You didn't know any spells.
Your spell library contained the following spells:

 Spells                   Type           Power        Failure   Level  Hunger
 Apportation              Tloc           #.....       100%        1    ##.....
 Summon Small Mammal      Summ           #...         100%        1    ##.....
 Animate Skeleton         Necr           N/A          100%        1    ##.....
 Confusing Touch          Hex            #.....       100%        1    ##.....


Dungeon Overview and Level Annotations

Branches:
Dungeon (11/15)            Temple (1/1) D:6             Orc (0/2) D:11
   Lair: D:8-11

Altars:
Ashenzari
Cheibriados
Dithmenos
Elyvilon
Fedhas
Gozag
Hepliaklqana
Kikubaaqudgha
Makhleb
Okawaru
Qazlal
Ru
Sif Muna
Trog
Uskayaw
Vehumet
Wu Jian
Xom
Yredelemnul
Zin
The Shining One

Annotations:
D:10 Maurice


Innate Abilities, Weirdness & Mutations

You are resistant to torment.
Your stone body is resilient. (AC +8)
You are immune to poison.
You resist negative energy. (rN+)
You are resistant to electric shocks. (rElec)
You can survive without breathing.
You are immune to petrification.
You are immune to rotting.


Message History

The earth elemental is lightly damaged.
You hit the earth elemental.
The earth elemental is moderately damaged.
You block the earth elemental's attack.
You sock the earth elemental!
The earth elemental is heavily damaged.
The earth elemental barely misses you.
You hit the earth elemental but do no damage.
The earth elemental is heavily damaged.
The earth elemental hits you!
* * * LOW HITPOINT WARNING * * *
You hit the earth elemental but do no damage.
The earth elemental is heavily damaged.
The earth elemental hits you!
* * * LOW HITPOINT WARNING * * *
You barely miss the earth elemental.
The earth elemental is moderately damaged.
The earth elemental hits you!
You die...
Your body crumbles into a pile of gold.

# #. .### .
▓
#.#..#E##.▓
.... #....#
# #. #..
.## .
#..#..# ▓
#.#. ## #
#.#
#.###E###
#.....@.#
#.#.###.# .
#.# #.# #
## ### . #
.


You could see an earth elemental.

Vanquished Creatures
  A hydra (D:9)
  Erica (D:9)
  2 two-headed ogres
  A hippogriff (D:8)
  2 dream sheep (D:9)
  3 shadows (Lab)
  A wyvern (D:8)
  2 yaks (D:9)
  2 hungry ghosts (Lab)
  A necrophage (D:8)
  3 sky beasts
  An ice beast (D:7)
  2 orc warriors (D:8)
  3 phantoms
  7 ogres
  A centaur (D:9)
  2 crocodiles (D:10)
  3 big kobolds (D:9)
  2 bullfrogs
  2 scorpions (D:7)
  4 killer bees (D:9)
  4 howler monkeys
  3 crimson imps
  A quasit (D:5)
  3 hounds
  2 centaur zombies
  3 orc priests
  A bullfrog skeleton (D:9)
  A centaur skeleton (D:7)
  7 orc wizards
  5 iguanas
  6 worker ants
  A hound zombie (D:10)
  2 hound skeletons (D:4)
  Robin (D:2)
  6 gnolls
  7 adders
  2 howler monkey skeletons
  4 oozes
  3 worms
  2 dart slugs
  5 leopard geckos
  29 orcs
  7 giant cockroaches
  11 goblins
  11 hobgoblins
  13 jackals
  7 kobolds
  5 quokkas
  9 bats
  6 frilled lizards
  A leopard gecko zombie (D:5)
  A quokka skeleton (D:10)
  6 rats
221 creatures vanquished.

Vanquished Creatures (others)
  A plant (D:9)
1 creature vanquished.

Grand Total: 222 creatures vanquished

Notes
Turn   | Place    | Note
-------+----------+-------------------------------------------
     0 | D:1      | suicidejoker the Gargoyle Fighter began the quest for the Orb.
     0 | D:1      | Reached XP level 1. HP: 14/14 MP: 1/1
    55 | D:1      | Reached XP level 2. HP: 19/19 MP: 2/2
   263 | D:1      | Upgraded the game from 0.22-a0-439-gac93bac to 0.22-a0-441-gcf5b0c6
   403 | D:1      | Reached XP level 3. HP: 24/24 MP: 3/3
   521 | D:1      | Reached skill level 4 in Fighting
   855 | D:2      | Reached XP level 4. HP: 29/29 MP: 4/4
  1165 | D:2      | Noticed Robin
  1185 | D:2      | Killed Robin
  1843 | D:3      | Found a white marble altar of Elyvilon.
  1881 | D:3      | Reached XP level 5. HP: 34/34 MP: 5/5
  1900 | D:3      | Found an ancient bone altar of Kikubaaqudgha.
  2423 | D:3      | Found a glowing silver altar of Zin.
  2471 | D:3      | Reached skill level 5 in Fighting
  2965 | D:4      | Reached XP level 6. HP: 32/40 MP: 6/6
  3146 | D:4      | Noticed a phantom
  3177 | D:4      | Killed a phantom
  3403 | D:4      | Reached skill level 6 in Fighting
  3403 | D:4      | Reached XP level 7. HP: 34/46 MP: 7/7
  3660 | D:5      | Entered Level 5 of the Dungeon
  3746 | D:5      | Reached skill level 5 in Armour
  3758 | D:5      | Reached skill level 5 in Shields
  3836 | D:5      | Found a deep blue altar of Sif Muna.
  3837 | D:5      | Found an iron altar of Okawaru.
  3838 | D:5      | Found a basalt altar of Yredelemnul.
  3838 | D:5      | Found a hazy altar of Hepliaklqana.
  3913 | D:5      | Reached XP level 8. HP: 37/52 MP: 8/8
  3998 | D:5      | Reached skill level 7 in Fighting
  4302 | D:5      | Found a blossoming altar of Fedhas.
  4765 | D:6      | Found a staircase to the Ecumenical Temple.
  4932 | Temple   | Entered the Ecumenical Temple
  4980 | Temple   | Became a worshipper of Gozag Ym Sagoz the Greedy
  5139 | D:6      | Reached skill level 8 in Fighting
  5191 | D:6      | Found a sacrificial altar of Ru.
  5687 | D:7      | Reached XP level 9. HP: 56/60 MP: 9/9
  5737 | D:7      | Found a shattered altar of Ashenzari.
  5978 | D:7      | Reached skill level 5 in Long Blades
  6070 | D:7      | Got a sparkling tin ring
  6128 | D:7      | Found a bloodstained altar of Trog.
  6425 | D:8      | Reached skill level 9 in Fighting
  7049 | D:8      | Reached skill level 11 in Fighting
  7049 | D:8      | Reached XP level 10. HP: 32/70 MP: 10/10
  7676 | D:8      | Noticed a two-headed ogre
  7677 | D:8      | Noticed a two-headed ogre
  8123 | D:7      | Identified the ring "Jakeng" {*Tele Int+5} (You took it off an orc on level 7 of the Dungeon)
  8614 | D:8      | Killed a two-headed ogre
  9257 | D:9      | Noticed Erica
  9305 | D:9      | Killed Erica
  9305 | D:9      | Reached XP level 11. HP: 67/76 MP: 11/11
  9437 | D:9      | Reached skill level 12 in Fighting
  9743 | D:9      | Noticed a death yak
 10166 | D:9      | Identified a scroll of acquirement
 10560 | D:9      | Noticed a two-headed hydra
 10575 | D:9      | Killed a two-headed hydra
 10575 | D:9      | Reached skill level 1 in Evocations
 10836 | D:9      | Noticed a death yak
 10836 | D:9      | Noticed a death yak
 10836 | D:9      | Noticed a death yak
 10838 | D:9      | Noticed a death yak
 10839 | D:10     | Entered Level 10 of the Dungeon
 10972 | D:10     | Noticed a two-headed ogre
 10990 | D:10     | Killed a two-headed ogre
 11319 | D:10     | Noticed Maurice
 11864 | D:10     | Noticed a two-headed ogre
 12106 | D:11     | Found a labyrinth entrance.
 12118 | Lab      | Entered a labyrinth
 12866 | Lab      | Reached skill level 5 in Polearms
 13199 | Lab      | Mangled by an earth elemental

Vault maps used:
D:1:      minmay_arrival_checkered_box
D:2:      first_ration, uniq_robin
D:3:      elyvilon_altar_1, zin_academy, kiku_gazebo_garden_becter
D:5:      grunt_temple_overflow_open, fedhas_altar_1
D:6:      temple_green, nicolae_ru_sacrificial_ziggurat
D:7:      bloody_trog, nicolae_overflow_crystal_walls
D:9:      dpeg_lair_monsters, hangedman_ranch, uniq_erica
D:10:     laboratory, uniq_maurice
D:11:     orc_0_dummy, lab_entry_generic, uniq_psyche
Temple:   minmay_temple_bridge_abc
Lab:      nicolae_lab_starburst, nicolae_lab_swirl, nicolae_lab_diamond,
          nicolae_lab_plus, labyrinth_skeletal_remains, nicolae_lab_big_swirl,
          lab_statue, nicolae_lab_quarters

Skill      XL: |  1  2  3  4  5  6  7  8  9 10 11 |
---------------+----------------------------------+-----
Long Blades    | 2 3 4 6 7 |  7.6
Fighting       | 4 5 6 8 11 12 | 12.5
Armour         | 4 5 6 8 9 |  9.4
Shields        | 4 5 6 8 9 |  9.4
Polearms       | 3 4 5 |  5.0
Evocations     | 2 |  2.1

Action                   |  1- 3 |  4- 6 |  7- 9 | 10-12 || total
-------------------------+-------+-------+-------+-------++-------
Melee: Long sword        |   114 |   290 |   366 |       ||   770
       Spear             |       |       |    69 |   297 ||   366
       Unarmed           |       |       |    35 |       ||    35
       Flail             |       |       |       |   282 ||   282
Throw: Stone             |       |       |    12 |       ||    12
Invok: Potion Petition   |       |       |       |     3 ||     3
Evoke: Wand              |       |       |       |    34 ||    34
  Use: Scroll            |       |       |    12 |     8 ||    20
       Potion            |       |       |     6 |     8 ||    14
 Stab: Distracted        |       |       |     3 |     2 ||     5
       Invisible         |       |       |       |     3 ||     3
  Eat: Ration            |       |     1 |     2 |    11 ||    14
       Chunk             |       |     5 |     6 |       ||    11
Armor: Scale mail        |    78 |   177 |   185 |    27 ||   467
       Skin              |       |       |    33 |    11 ||    44
       Plate armour      |       |       |       |   302 ||   302
Dodge: Dodged            |    37 |    95 |   121 |   107 ||   360
Block: Shield            |    71 |   170 |   227 |   373 ||   841
       Rpst.: Long sword |     9 |    32 |    39 |       ||    80
       Scimitar          |       |       |       |     1 ||     1

Table legend:
 A = Spawn XP
 B = Non-spawn XP
 C = Spawn XP percentage of total XP
 D = Spawn monster count
 E = Non-spawn monster count
 F = Spawn count percentage of total count
 G = Total turns spent on level
                    A         B        C        D         E        F      G
               +---------+---------+-------+---------+---------+-------+---------
         Total |       0 |   11825 |   0.0 |       0 |     221 |   0.0 | 13199
               +---------+---------+-------+---------+---------+-------+---------
           D:1 |       0 |      52 |   0.0 |       0 |      26 |   0.0 |   875
           D:2 |       0 |     106 |   0.0 |       0 |      31 |   0.0 |   968
           D:3 |       0 |     101 |   0.0 |       0 |      18 |   0.0 |   961
           D:4 |       0 |     424 |   0.0 |       0 |      24 |   0.0 |   858
           D:5 |       0 |     755 |   0.0 |       0 |      19 |   0.0 |   781
           D:6 |       0 |     804 |   0.0 |       0 |      18 |   0.0 |  1595
           D:7 |       0 |     617 |   0.0 |       0 |      19 |   0.0 |  1559
           D:8 |       0 |    2424 |   0.0 |       0 |      34 |   0.0 |  1735
           D:9 |       0 |    3640 |   0.0 |       0 |      19 |   0.0 |  1565
          D:10 |       0 |    1867 |   0.0 |       0 |       8 |   0.0 |  1115
           Lab |       0 |    1035 |   0.0 |       0 |       5 |   0.0 |  1081
               +---------+---------+-------+---------+---------+-------+---------
